 Dungeon Crawl Stone Soup version 0.29-a0-330-g52719c12eb (webtiles) character file.

Game seed: 12527551564984746917

98 kae the Firebug (level 4, -1/35 HPs)
             Began as a Demigod Fire Elementalist on May 31, 2022.
             Slain by an orc
             ... wielding a +0 falchion
              (6 damage)
             ... on level 3 of the Dungeon.
             The game lasted 00:02:12 (2828 turns).

kae the Firebug (Demigod Fire Elementalist)         Turns: 2828, Time: 00:02:13

Health: -1/35      AC:  2    Str:  9    XL:     4   Next: 20%
Magic:  0/10       EV: 12    Int: 21    God:
Gold:   162        SH:  0    Dex: 14    Spells: 1/7 levels left

rFire   . . .      SeeInvis .   c - +1 whip
rCold   . . .      Faith    .   (no shield)
rNeg    . . .      Spirit   .   a - +0 robe
rPois   .          Reflect  .   (no helmet)
rElec   .          Harm     .   (no cloak)
rCorr   .          Rampage  .   (no gloves)
Will    .....                   (no boots)
Stlth   ++........              (no amulet)
HPRegen 0.11/turn               (no ring)
MPRegen 0.12/turn               (no ring)

@: no status effects
A: high MP 1, forlorn, divine attributes
a: no special abilities


You were on level 3 of the Dungeon.
You visited 1 branch of the dungeon, and saw 3 of its levels.

You collected 162 gold pieces.

Inventory:

Hand Weapons
 c - a +1 whip (weapon)
Armour
 a - a +0 robe (worn)
Wands
 f - a wand of flame (16)
Scrolls
 d - a scroll of magic mapping
 g - 2 scrolls of fear
 h - a scroll of teleportation {unknown}
 k - a scroll of enchant weapon
Potions
 b - 2 potions of magic
 e - a potion of might {unknown}
 i - 2 potions of lignification
 j - a potion of attraction
 m - a potion of berserk rage
 n - a potion of heal wounds {unknown}


   Skills:
 + Level 1.2 Fighting
 - Level 1.7 Dodging
 - Level 1.7 Stealth
 + Level 2.2 Spellcasting
 * Level 2.2 Conjurations
 * Level 3.5 Fire Magic


You had one spell level left.
You knew the following spells:

 Your Spells              Type           Power      Damage    Failure   Level
a - Foxfire               Conj/Fire      56%        2x1d6     4%          1
b - Scorch                Fire           34%        2d7       4%          2
c - Conjure Flame         Conj/Fire      14%        6-21      13%         3

Your spell library contained the following spells:

 Spells                   Type           Power      Damage    Failure   Level
 Inner Flame              Hex/Fire       9%         N/A       21%         3
 Ensorcelled Hibernation  Hex/Ice        4%         N/A       22%         2
 Ignite Poison            Fire/Tmut/Pois 7%         N/A       26%         3
 Call Canine Familiar     Summ           2%         N/A       41%         3
 Portal Projectile        Hex/Tloc       4%         N/A       41%         3
 Spider Form              Tmut/Pois      2%         N/A       41%         3
 Flame Wave               Conj/Fire      14%        2d6       41%         4
 Sticky Flame             Conj/Fire      14%        2d4       41%         4
 Anguish                  Hex/Necr       1%         N/A       82%         4
 Leda's Liquefaction      Hex/Erth       1%         N/A       82%         4
 Alistair's Intoxication  Tmut/Pois      1%         N/A       99%         5
 Borgnjor's Vile Clutch   Necr/Erth      1%         N/A       99%         5
 Eringya's Noxious Bog    Tmut/Pois      1%         N/A       100%        6


Dungeon Overview and Level Annotations

Branches:
Dungeon (3/15)


Innate Abilities, Weirdness & Mutations

You have an increased reservoir of magic. (+10% MP)
You shall have no god before yourself.
Your divine heritage dramatically boosts your attributes as you level up.


Message History

Confirm with . or Enter, or press ? or * to list all spells.
You miscast Foxfire.
You are very lightly contaminated with residual magic.
Nothing appears to happen.
You feel sick. The orc closely misses you.
Casting: Foxfire (safe; 4% risk of failure)
Confirm with . or Enter, or press ? or * to list all spells.
You conjure some foxfire!
You feel sick. The orc barely misses you.
You feel sick.
The foxfire hits the orc.
The orc is lightly wounded.
The foxfire hits the orc but does no damage.
The orc is lightly wounded.
The orc closely misses you.
An orc is nearby!
Casting: Foxfire (safe; 4% risk of failure)
Confirm with . or Enter, or press ? or * to list all spells.
You conjure some foxfire!
You feel sick. The orc hits you but does no damage.
You feel sick.
You are no longer poisoned.
The foxfire hits the orc.
The orc is heavily wounded.
The foxfire hits the orc but does no damage.
The orc is heavily wounded.
The orc hits you with a +0 falchion.
An orc is nearby!
Casting: Foxfire (safe; 4% risk of failure)
Confirm with . or Enter, or press ? or * to list all spells.
You conjure some foxfire!
The orc completely misses you.
The foxfire hits the orc but does no damage.
The orc is heavily wounded.
The foxfire hits the orc but does no damage.
The orc is heavily wounded.
The orc hits you with a +0 falchion!
* * * LOW HITPOINT WARNING * * *
Your magical contamination has completely faded away.
An orc is nearby!
An orc is nearby!
Casting: Foxfire (safe; 4% risk of failure)
Confirm with . or Enter, or press ? or * to list all spells.
You conjure some foxfire!
The orc hits you with a +0 falchion.
You die...

# #.#......# #... #.
#.#......# ###...
##.##.#......# #.....
#............# ###.....
#.......###### #.......
#.......# #.......
##.......#########.......
........v......).......รท.
##.....o@#########...####
........v# #...####
#######)#### #...#...
#...#.#.## ##.##...
#.....#.#.# #..#...
#.#...#.#.## ##.#...
#.#.....#.#.# #.....
#.....#.#.## ##....
........#.#.# #######....


You could see an orc (ally target).

Vanquished Creatures
  Jessica (D:3)
  2 adders (D:3)
  A worm (D:2)
  5 orcs
  2 endoplasms
  2 giant cockroaches
  A goblin (D:2)
  A hobgoblin (D:1)
  7 jackals
  4 kobolds
  2 quokkas
  5 ball pythons
  7 bats
  2 frilled lizards (D:1)
  3 rats
45 creatures vanquished.

Vanquished Creatures (others)
  158 foxfires
158 creatures vanquished.

Grand Total: 203 creatures vanquished

Notes
Turn   | Place    | Note
-------+----------+-------------------------------------------
     0 | D:1      | kae the Demigod Fire Elementalist began the quest for the
                  | Orb.
     0 | D:1      | Reached XP level 1. HP: 14/14 MP: 5/5
     9 | D:1      | Reached skill level 1 in Conjurations
   370 | D:1      | Reached XP level 2. HP: 20/20 MP: 0/7
   495 | D:1      | Reached skill level 3 in Fire Magic
  1760 | D:2      | Learned a level 2 spell: Scorch
  1913 | D:2      | Reached XP level 3. HP: 27/27 MP: 6/8
  1917 | D:2      | Learned a level 3 spell: Conjure Flame
  2487 | D:3      | Reached skill level 1 in Fighting
  2524 | D:3      | Noticed Jessica
  2764 | D:3      | Killed Jessica
  2765 | D:3      | Reached XP level 4. HP: 35/35 MP: 6/10
  2828 | D:3      | Slain by an orc

Illustrated notes

Levels and vault maps discovered:
D:1:      eino_arrival_druids_welcome, layout_loops_corners,
          minmay_crystal_room, minmay_small_reverse_x
D:2:      layout_basic
D:3:      layout_basic, dk_yredelemnul_ordeal, uniq_jessica

Skill      XL: |  1  2  3 |
---------------+----------+-----
Conjurations   | 1 2 |  2.2
Fire Magic     | 3 |  3.5
Spellcasting   | 2 |  2.2
Fighting       | 1 |  1.2
Dodging        | |  1.7
Stealth        | |  1.7

Action                   |  1- 3 |  4- 6 || total
-------------------------+-------+-------++-------
Melee: Whip              |    10 |       ||    10
 Cast: Foxfire           |    86 |    11 ||    97
       Scorch            |     3 |       ||     3
  Use: Scroll            |    11 |       ||    11
       Potion            |     1 |       ||     1
Armor: Robe              |     5 |     1 ||     6
Dodge: Dodged            |    24 |     6 ||    30

Table legend: (Time is in decaauts)
 A = Elapsed time spent in this place.
 B = Non-inter-level travel time spent in this place.
 C = Inter-level travel time spent in this place.
 D = Time resting spent in this place.
 E = Time spent auto-exploring this place.
 F = Levels seen in this place.
 G = Mean time per level.
                   A        B        C        D        E       F      G
               +--------+--------+--------+--------+--------+-----+--------+
         Total |   2828 |   2769 |     59 |    236 |   2140 |   3 |  942.7 |
       Dungeon |   2828 |   2769 |     59 |    236 |   2140 |   3 |  942.7 |
               +--------+--------+--------+--------+--------+-----+--------+

Top non-repeatable levels by time:
     D:1: 1162 daAuts
     D:2: 955 daAuts
     D:3: 710 daAuts
